 Dungeon Crawl Stone Soup version 0.31-a0-1576-ga3383bade6 (webtiles) character file.

Game seed: 1183883290441313953

7450 jlumianski the Grappler (level 11, -17/83 HPs)
             Began as a Gnoll Shapeshifter on Jan 5, 2024.
             Was a Priest of Wu Jian.
             Demolished by a two-headed ogre
             ... wielding a +0 glaive
              (20 damage)
             ... in a bailey.
             The game lasted 00:47:19 (9737 turns).

jlumianski the Grappler (Gnoll Shapeshifter)        Turns: 9737, Time: 00:47:20

Health: -17/83     AC: 12    Str: 23    XL:     11   Next: 15%
Magic:  20/20      EV: 10    Int: 11    God:    Wu Jian [***...]
Gold:   226        SH:  5    Dex: 17    Spells: 22/22 levels left

rFire   . .          .
                       - Unarmed
rCold   . . .        (no shield)
rNeg    . . .        S - +0 plate armour
rPois   .            (helmet currently unavailable)
rElec   .            (cloak currently unavailable)
rCorr   .            (gloves currently unavailable)
SInv    .            (boots currently unavailable)
Will    .....        u - amulet of reflection Stlth
                     A - +6 ring of dexterity
HPRegen 0.33/turn    O - +6 ring of strength
MPRegen 0.17/turn

%: reflection
@: beast-form
A: beast (slay +4), fangs 1, strong nose, distributed training
a: Begin Untransformation, Renounce Religion, Wall Jump, Serpent's Lash


You were in a bailey.
You worshipped Wu Jian.
Wu Jian was most pleased with you.
You were a hulking beast.
You visited 2 branches of the dungeon, and saw 10 of its levels.
You also visited: Sewer and Bailey.

You collected 375 gold pieces.
You spent 149 gold pieces at shops.

Inventory:

Hand Weapons
 a - a +0 antimagic lajatang
 f - a +1 quarterstaff of draining
 y - a +1 rapier of venom
 T - a +0 lajatang
Missiles
 v - 12 poisoned darts (quivered)
 F - a curare-tipped dart
 L - 2 javelins
 R - 2 boomerangs
Armour
 e - +0 ice dragon scales
 o - +2 steam dragon scales
 r - a +2 cloak
 s - a +0 pair of gloves
 t - a +0 helmet
 z - a +3 leather armour
 Q - the +0 kite shield of the Snail {*Corrode Fly rElec Int+4}
   (You found it on level 8 of the Dungeon)

   Int+4:     It affects your intelligence (+4).
   rElec:     It insulates you from electricity.
   Fly:       It grants you flight.
   *Corrode:  It may corrode you when you take damage.
 S - a +0 plate armour (worn)
 U - +0 acid dragon scales
Magical Staves
 h - a staff of earth
Jewellery
 m - a ring of ice
 u - an amulet of reflection (around neck)
 A - a +6 ring of dexterity (left hand)
 N - a ring of wizardry
 O - a +6 ring of strength (right hand)
Talismans
 c - a beast talisman
 d - a flux talisman
Wands
 B - a wand of iceblast (9)
 P - a wand of flame (5)
Scrolls
 g - 3 scrolls of fog
 i - a scroll of noise
 j - a scroll of teleportation
 l - a scroll of enchant weapon
 p - a scroll of acquirement {unknown}
 q - a scroll of enchant armour {unknown}
 x - 2 scrolls of fear
 C - a scroll of blinking {unknown}
 E - a scroll of brand weapon {unknown}
 I - 2 scrolls of poison
 K - 3 scrolls of vulnerability
Potions
 b - a potion of lignification
 k - a potion of attraction
 n - 5 potions of curing
 w - 5 potions of might
 D - 2 potions of enlightenment
 G - a potion of heal wounds
 H - 3 potions of mutation
 J - a potion of brilliance {unknown}
 M - a potion of ambrosia {unknown}
 V - a potion of experience {unknown}


   Skills:
 + Level 6.8 Fighting
 + Level 6.2 Short Blades
 + Level 6.2 Long Blades
 + Level 6.2 Axes
 + Level 6.2 Maces & Flails
 + Level 6.2 Polearms
 + Level 6.2 Staves
 + Level 6.2 Ranged Weapons
 + Level 6.2 Throwing
 + Level 6.2 Armour
 + Level 7.8 Dodging
 + Level 6.2 Stealth
 + Level 6.2 Shields
 + Level 9.1 Unarmed Combat
 + Level 6.2 Spellcasting
 + Level 5.1 Conjurations
 + Level 5.1 Hexes
 + Level 5.1 Summonings
 + Level 5.1 Necromancy
 + Level 5.1 Translocations
 + Level 5.1 Fire Magic
 + Level 5.1 Ice Magic
 + Level 5.1 Air Magic
 + Level 5.1 Earth Magic
 + Level 5.1 Alchemy
 + Level 6.8 Invocations
 + Level 6.2 Evocations
 + Level 8.8 Shapeshifting


You had 22 spell levels left.
You didn't know any spells.
Your spell library contained the following spells:

 Spells                   Type           Power      Damage    Failure   Level
 Apportation              Tloc           28%        N/A       34%         1
 Necrotise                Necr           56%        1d6       34%         1
 Sting                    Conj/Alch      56%        1d6       34%         1
 Summon Small Mammal      Summ           56%        N/A       34%         1
 Hailstorm                Conj/Ice       14%        3d6       71%         3
 Summon Ice Beast         Ice/Summ       14%        N/A       71%         3
 Sculpt Simulacrum        Ice/Alch       7%         N/A       100%        6


Dungeon Overview and Level Annotations

Branches:
Dungeon (9/15)             Temple (1/1) D:4             Orc (0/2) D:9
  Sewer (visited)          Bailey (1/1)
   Lair: D:8-11

Altars:
Ashenzari
Cheibriados
Dithmenos
Elyvilon
Fedhas
Gozag
Hepliaklqana
Kikubaaqudgha
Makhleb
Nemelex Xobeh
Okawaru
Qazlal
Ru
Sif Muna
Trog
Uskayaw
Vehumet
Wu Jian
Xom
Yredelemnul
Zin
The Shining One

Shops:
D:5 ?


Innate Abilities, Weirdness & Mutations

You are a hulking beast.
Your limbs bulge with bestial killing power. (Slay +4)
You have very sharp teeth.
Your uncanny sense of smell can sniff out nearby items.
Your experience applies equally to all skills.


Message History

Throw: 13 darts (poison)
Press: ? - help, Q - select action, (/) - cycle Shift-Dir - straight line, f/p - two-headed ogre
Aim: a two-headed ogre, wielding a +0 glaive and a +0 halberd (very poisoned, 80% to hit)
You throw a poisoned dart.
The poisoned dart hits the two-headed ogre.
The two-headed ogre looks even sicker.
You lunge at the two-headed ogre.
You barely miss the two-headed ogre. You punch the two-headed ogre!
You bite the two-headed ogre.
The two-headed ogre is moderately wounded.
The two-headed ogre hits you with a +0 glaive!
The two-headed ogre hits you but does no damage.
You spin and attack the two-headed ogre repeatedly.
You punch the two-headed ogre!
The two-headed ogre is heavily wounded.
You hit the two-headed ogre but do no damage.
The two-headed ogre is heavily wounded.
The two-headed ogre hits you from afar with a +0 glaive!
The two-headed ogre hits you from afar with a +0 halberd.
The two-headed ogre hits you with a +0 glaive!
You block the two-headed ogre's attack.
You hit the two-headed ogre.
The two-headed ogre is heavily wounded.
You closely miss the two-headed ogre. Your bite misses the two-headed ogre.
The two-headed ogre is heavily wounded.
The two-headed ogre hits you with a +0 glaive.
The two-headed ogre hits you with a +0 halberd!
You closely miss the two-headed ogre. You bite the two-headed ogre.
The two-headed ogre is severely wounded.
You hit the two-headed ogre.
The two-headed ogre is severely wounded.
The two-headed ogre hits you with a +0 glaive!!
* * * LOW HITPOINT WARNING * * *
You block the two-headed ogre's attack.
Okay, then.
You punch the two-headed ogre!
The two-headed ogre is almost dead.
The two-headed ogre hits you with a +0 glaive!
* * * LOW HITPOINT WARNING * * *
The two-headed ogre hits you with a +0 halberd!!
You die...

##.....###..##..♣♣♣#♣..#...#
#...∩..~~~..#..♣♣..)♣♣.#.).#
#......~~~..#..♣..≈.)♣.#~..#
#......~~~..#..~.≈≈≈.♣.~~..#
#.....)~~~..#..♣..≈..♣.#~))#
#...∩..~~~..#..♣♣...♣♣.#...#
##.....###.(##..♣##♣♣..#...#
#.....# ##.O♣#.......♣#..##
##...## ##h.##.....##..##
##.## ##..###♣##♣..## ###
##..).))...## ##.))....##
#########


You could see a two-headed ogre (very poisoned).

Vanquished Creatures
  The ghost of Hubris850 the Trooper, a novice OnGl of Hepliaklqana (D:6)
  A wyvern (D:7)
  10 spriggans (Bailey)
  11 yaks
  Menkaure (D:5)
  2 acid dragons
  A water moccasin (D:6)
  An orc warrior (D:8)
  An ice beast (D:4)
  8 ogres
  A crocodile (Sewer)
  6 phantoms
  3 kobold brigands
  4 bullfrogs (D:6)
  4 scorpions
  6 wights
  A bombardier beetle (D:6)
  A bullfrog zombie (D:5)
  A centaur zombie (D:5)
  5 hounds
  A jelly (D:6)
  3 orc priests
  4 iguanas
  Natasha (twice) (D:3)
  Terence (D:3)
  2 sleepcaps (D:6)
  An orc wizard (D:9)
  A hound zombie (D:5)
  Robin (D:2)
  3 gnolls (D:6)
  A howler monkey skeleton (D:5)
  9 adders
  2 river rats
  4 ufetubi
  3 ribbon worms
  2 dart slugs
  26 orcs
  13 ball pythons
  7 endoplasms
  16 goblins
  5 hobgoblins
  12 kobolds
  A quokka (D:1)
  8 bats
  4 frilled lizards
  10 rats
211 creatures vanquished.

Notes
Turn   | Place    | Note
-------+----------+-------------------------------------------
     0 | D:1      | jlumianski the Gnoll Shapeshifter began the quest for the
                  | Orb.
     0 | D:1      | Reached XP level 1. HP: 17/17 MP: 1/1
   159 | D:1      | Reached XP level 2. HP: 22/23 MP: 2/2
   825 | D:2      | Reached XP level 3. HP: 28/28 MP: 2/4
  1270 | D:2      | Reached skill level 1 in Invocations
  1276 | D:3      | Noticed Robin
  1447 | D:2      | Killed Robin
  1448 | D:2      | Reached skill level 1 in Short Blades
  1448 | D:2      | Reached skill level 1 in Long Blades
  1448 | D:2      | Reached skill level 1 in Axes
  1448 | D:2      | Reached skill level 1 in Maces & Flails
  1448 | D:2      | Reached skill level 1 in Polearms
  1448 | D:2      | Reached skill level 1 in Staves
  1448 | D:2      | Reached skill level 1 in Ranged Weapons
  1448 | D:2      | Reached skill level 1 in Throwing
  1448 | D:2      | Reached skill level 1 in Armour
  1448 | D:2      | Reached skill level 1 in Stealth
  1448 | D:2      | Reached skill level 1 in Shields
  1448 | D:2      | Reached skill level 1 in Spellcasting
  1448 | D:2      | Reached skill level 1 in Evocations
  1492 | D:3      | Reached XP level 4. HP: 34/34 MP: 5/5
  2208 | D:3      | Noticed Natasha
  2214 | D:3      | Killed Natasha
  2215 | D:3      | Reached skill level 1 in Conjurations
  2215 | D:3      | Reached skill level 1 in Hexes
  2215 | D:3      | Reached skill level 1 in Summonings
  2215 | D:3      | Reached skill level 1 in Necromancy
  2215 | D:3      | Reached skill level 1 in Translocations
  2215 | D:3      | Reached skill level 1 in Fire Magic
  2215 | D:3      | Reached skill level 1 in Ice Magic
  2215 | D:3      | Reached skill level 1 in Air Magic
  2215 | D:3      | Reached skill level 1 in Earth Magic
  2215 | D:3      | Reached skill level 1 in Alchemy
  2460 | D:3      | Noticed Terence
  2469 | D:3      | Killed Terence
  2470 | D:3      | Reached XP level 5. HP: 29/41 MP: 7/7
  2552 | D:3      | Noticed Natasha
  2567 | D:3      | Killed Natasha
  2674 | D:4      | Noticed an ogre
  2682 | D:4      | Killed an ogre
  2683 | D:4      | Reached skill level 5 in Dodging
  2683 | D:4      | Reached XP level 6. HP: 26/47 MP: 7/9
  2999 | D:5      | Entered Level 5 of the Dungeon
  3151 | D:5      | Reached skill level 7 in Unarmed Combat
  3151 | D:5      | Reached XP level 7. HP: 29/52 MP: 10/10
  3331 | D:4      | Found a staircase to the Ecumenical Temple.
  3348 | Temple   | Entered the Ecumenical Temple
  3367 | Temple   | Became a worshipper of the Wu Jian Council
  3563 | D:5      | Noticed Menkaure
  3975 | D:5      | Killed Menkaure
  4183 | D:5      | Found Uclulu's Magic Scroll Emporium.
  4187 | D:5      | Bought a scroll of identify for 26 gold pieces
  4187 | D:5      | Bought a scroll of revelation for 97 gold pieces
  4251 | D:5      | Found a blossoming altar of Fedhas.
  4313 | D:5      | Reached XP level 8. HP: 47/60 MP: 12/12
  4373 | D:6      | Found a runed translucent door.
  4378 | D:6      | Noticed Hubris850's ghost (novice OnGl)
  4402 | D:6      | Found a glowing drain.
  4446 | Sewer    | Entered a sewer
  4701 | Sewer    | Reached * piety under Wu Jian
  5416 | D:5      | Reached XP level 9. HP: 59/67 MP: 14/14
  5488 | D:5      | Bought a scroll of identify for 26 gold pieces
  5586 | D:6      | Reached skill level 5 in Fighting
  5594 | D:6      | Reached ** piety under Wu Jian
  5733 | D:7      | HP: 1/68 [wyvern (10)]
  5743 | D:7      | Reached skill level 8 in Unarmed Combat
  6157 | D:6      | Reached skill level 5 in Invocations
  6801 | D:6      | Killed Hubris850's ghost
  6915 | D:6      | Reached skill level 5 in Short Blades
  6915 | D:6      | Reached skill level 5 in Long Blades
  6915 | D:6      | Reached skill level 5 in Axes
  6915 | D:6      | Reached skill level 5 in Maces & Flails
  6915 | D:6      | Reached skill level 5 in Polearms
  6915 | D:6      | Reached skill level 5 in Staves
  6915 | D:6      | Reached skill level 5 in Ranged Weapons
  6915 | D:6      | Reached skill level 5 in Throwing
  6915 | D:6      | Reached skill level 5 in Armour
  6915 | D:6      | Reached skill level 5 in Stealth
  6915 | D:6      | Reached skill level 5 in Shields
  6915 | D:6      | Reached skill level 5 in Spellcasting
  6915 | D:6      | Reached skill level 5 in Evocations
  6915 | D:6      | Reached XP level 10. HP: 69/76 MP: 17/17
  7346 | D:8      | Identified the +0 kite shield of the Snail {*Corrode Fly
                  | rElec Int+4}
  7719 | D:8      | Noticed a two-headed ogre
  8195 | D:9      | Found a staircase to the Orcish Mines.
  8306 | D:9      | Reached *** piety under Wu Jian
  8570 | D:9      | Found a flagged portal.
  8627 | Bailey   | Entered a bailey
  8802 | Bailey   | HP: 2/77 [spriggan/+0 antimagic lajatang (19)]
  9024 | Bailey   | Reached skill level 9 in Unarmed Combat
  9045 | Bailey   | Reached skill level 5 in Conjurations
  9045 | Bailey   | Reached skill level 5 in Hexes
  9045 | Bailey   | Reached skill level 5 in Summonings
  9045 | Bailey   | Reached skill level 5 in Necromancy
  9045 | Bailey   | Reached skill level 5 in Translocations
  9045 | Bailey   | Reached skill level 5 in Fire Magic
  9045 | Bailey   | Reached skill level 5 in Ice Magic
  9045 | Bailey   | Reached skill level 5 in Air Magic
  9045 | Bailey   | Reached skill level 5 in Earth Magic
  9045 | Bailey   | Reached skill level 5 in Alchemy
  9057 | Bailey   | Reached XP level 11. HP: 26/83 MP: 20/20
  9724 | Bailey   | Noticed a two-headed ogre
  9737 | Bailey   | HP: 3/83 [two-headed ogre/+0 glaive (11)]
  9737 | Bailey   | Demolished by a two-headed ogre

Illustrated notes

Levels and vault maps discovered:
D:1:      dpeg_arrival_short_road, layout_basic, serial_glass, glass_columns_b,
          glass_columns_b
D:2:      layout_loops_corners
D:3:      layout_loops_cross, uniq_robin, uniq_terence, uniq_natasha
D:4:      layout_cave_pods, minmay_temple_entry_glassed_door, serial_park,
          serial_park_square1 [serial_park_minivault_5x5_5],
          serial_park_tiny_pond, serial_park_square2, serial_park_square2,
          serial_park_tiny_1, hangedman_decor_clover_reticule, nrook_campfire
D:5:      layout_rooms, fedhas_altar_3, serial_undead, serial_undead_b,
          serial_undead_a, serial_undead_d, serial_undead_e, serial_shops,
          kennysheep_mini, uniq_menkaure
D:6:      layout_basic, portal_sewer_entry_b, ebering_ghost_sewer_d
D:7:      layout_rooms, serial_rivers, chequers_serial_rivers_room_a,
          chequers_serial_rivers_room_a, chequers_serial_rivers_large_b,
          chequers_serial_rivers_room_b
D:8:      layout_basic
D:9:      layout_roguey, orc_0_dummy, enter_bailey_5
Temple:   compressed_dpeg_circular_temple
Bailey:   bailey_polearm_enchanted_keep_hellmonk, bailey

Skill      XL: |  1  2  3  4  5  6  7  8  9 10 |
---------------+-------------------------------+-----
Invocations    | 1 2 3 4 5 6 |  6.8
Short Blades   | 1 2 3 5 6 |  6.2
Long Blades    | 1 2 3 5 6 |  6.2
Axes           | 1 2 3 5 6 |  6.2
Maces & Flails | 1 2 3 5 6 |  6.2
Polearms       | 1 2 3 5 6 |  6.2
Staves         | 1 2 3 5 6 |  6.2
Ranged Weapons | 1 2 3 5 6 |  6.2
Throwing       | 1 2 3 5 6 |  6.2
Armour         | 1 2 3 5 6 |  6.2
Stealth        | 1 2 3 5 6 |  6.2
Shields        | 1 2 3 5 6 |  6.2
Spellcasting   | 1 2 3 5 6 |  6.2
Evocations     | 1 2 3 5 6 |  6.2
Conjurations   | 1 2 3 4 5 |  5.1
Hexes          | 1 2 3 4 5 |  5.1
Summonings     | 1 2 3 4 5 |  5.1
Necromancy     | 1 2 3 4 5 |  5.1
Translocations | 1 2 3 4 5 |  5.1
Fire Magic     | 1 2 3 4 5 |  5.1
Ice Magic      | 1 2 3 4 5 |  5.1
Air Magic      | 1 2 3 4 5 |  5.1
Earth Magic    | 1 2 3 4 5 |  5.1
Alchemy        | 1 2 3 4 5 |  5.1
Fighting       | 3 4 5 6 |  6.8
Dodging        | 5 6 7 |  7.8
Unarmed Combat | 7 8 9 |  9.1
Shapeshifting  | 7 8 |  8.8

Action                     |  1- 3 |  4- 6 |  7- 9 | 10-12 || total
---------------------------+-------+-------+-------+-------++-------
  Melee: Unarmed           |    70 |    79 |   249 |   150 ||   548
         Bite              |     6 |     6 |    37 |    34 ||    83
         Punch             |     1 |     4 |    22 |    18 ||    45
         Rapier            |       |       |    55 |    85 ||   140
  Throw: Dart              |       |     6 |     5 |     2 ||    13
         Boomerang         |       |       |       |     3 ||     3
Ability: Lunge             |       |       |    28 |    23 ||    51
         Whirlwind         |       |       |    16 |    27 ||    43
         Wall Jump         |       |       |    14 |    18 ||    32
    Use: Scroll            |     3 |       |     7 |     4 ||    14
         Potion            |       |       |     4 |     1 ||     5
   Stab: Sleeping          |     1 |       |       |       ||     1
 Armour: Ring mail         |    30 |       |       |       ||    30
         Chain mail        |    25 |    49 |   157 |    41 ||   272
         Plate armour      |       |       |       |    96 ||    96
  Dodge: Dodged            |    46 |    22 |   112 |    62 ||   242
  Block: Other             |       |     8 |    40 |    30 ||    78
         Reflection        |       |       |     3 |     2 ||     5

Table legend: (Time is in decaauts)
 A = Elapsed time spent in this place.
 B = Non-inter-level travel time spent in this place.
 C = Inter-level travel time spent in this place.
 D = Time resting spent in this place.
 E = Time spent auto-exploring this place.
 F = Levels seen in this place.
 G = Mean time per level.
                   A        B        C        D        E       F      G
               +--------+--------+--------+--------+--------+-----+--------+
         Total |   9861 |   9596 |    265 |   2007 |   4077 |  12 |  821.8 |
       Dungeon |   8193 |   7928 |    265 |   1211 |   4007 |   9 |  910.3 |
        Temple |     38 |     38 |      0 |      0 |      0 |   1 |   38.0 |
         Sewer |    498 |    498 |      0 |     78 |     45 |   1 |  498.0 |
        Bailey |   1130 |   1130 |      0 |    718 |     24 |   1 | 1130.0 |
               +--------+--------+--------+--------+--------+-----+--------+

Top non-repeatable levels by time:
     D:4: 1437 daAuts
     D:7: 1385 daAuts
     D:6: 1279 daAuts
  Bailey: 1130 daAuts
     D:2: 1092 daAuts
     D:5: 856 daAuts
     D:3: 848 daAuts
     D:1: 599 daAuts
   Sewer: 498 daAuts
     D:9: 458 daAuts
     D:8: 236 daAuts
  Temple: 38 daAuts
